 Dungeon Crawl Stone Soup version 0.30-a0-1066-g63dfefce0d (webtiles) character file.

Game seed: 4267766658208971595

130 Zeldest the Unbeliever (level 4, -4/35 HPs)
             Began as a Demonspawn Hexslinger on Apr 13, 2023.
             Slain by a gnoll
             ... wielding a +0 halberd
             ... led by a gnoll bouda
              (15 damage)
             ... on level 4 of the Dungeon.
             The game lasted 00:02:10 (1956 turns).

Zeldest the Unbeliever (Demonspawn Hexslinger)      Turns: 1956, Time: 00:02:10

Health: -4/35      AC:  3    Str: 12    XL:     4   Next: 90%
Magic:  7/7        EV: 12    Int: 15    God:
Gold:   118        SH:  0    Dex: 19    Spells: 4/5 levels left

rFire   + + .      SeeInvis .    a - +2 whip (venom)
rCold   . . .      Faith    .    (no shield)
rNeg    . . .      Spirit   .    h - +0 leather armour "Bopor" {rPois rF++}
rPois   +          Reflect  .    (no helmet)
rElec   .          Rampage  .    (no cloak)
rCorr   .                        (no gloves)
Will    .....                    (no boots)
Stlth   +                        (no amulet)
HPRegen 0.25/turn                e - +6 ring of dexterity
MPRegen 0.10/turn                (no ring)

@: weakened
A: powered by death 2
a: no special abilities


You were on level 4 of the Dungeon.
You visited 1 branch of the dungeon, and saw 4 of its levels.

You collected 118 gold pieces.

Inventory:

Hand Weapons
 a - a +2 whip of venom (weapon)
 g - a +2 short sword of protection
Armour
 h - the +0 leather armour "Bopor" (worn) {rPois rF++}
   (You found it on level 2 of the Dungeon)

   rF:        It greatly protects you from fire.
   rPois:     It protects you from poison.
Jewellery
 e - a +6 ring of dexterity (left hand)
Scrolls
 b - 2 scrolls of poison
 d - a scroll of identify {unknown}
 i - a scroll of blinking {unknown}
 j - 2 scrolls of teleportation {unknown}
 m - a scroll of torment {unknown}
Potions
 c - 2 potions of heal wounds {unknown}
 f - a potion of curing {unknown}
 k - a potion of brilliance {unknown}
 l - a potion of flight {unknown}


   Skills:
 + Level 3.3 Fighting
 - Level 1.7 Ranged Weapons
 - Level 1.7 Dodging
 - Level 1.0 Spellcasting
 - Level 3.0 Hexes
 + Level 4.2 Invocations


You had 4 spell levels left.
You knew the following spells:

 Your Spells              Type           Power      Damage    Failure   Level
a - Slow                  Hex            36%        N/A       9%          1

Your spell library contained the following spells:

 Spells                   Type           Power      Damage    Failure   Level
 Inner Flame              Hex/Fire       5%         N/A       45%         3
 Portal Projectile        Hex/Tloc       10%        N/A       45%         3
 Cause Fear               Hex            4%         N/A       65%         4
 Gell's Gravitas          Tloc           0%         N/A       67%         3
 Ozocubu's Armour         Ice            0%         N/A       67%         3
 Teleport Other           Tloc           0%         N/A       67%         3
 Metabolic Englaciation   Hex/Ice        2%         N/A       99%         5
 Dispersal                Tloc           0%         N/A       100%        6
 Simulacrum               Ice/Necr       0%         N/A       100%        6


Dungeon Overview and Level Annotations

Branches:
Dungeon (4/15) Zot: 22021
 Temple: D:4-7

Altars:

Shops:
D:4 ![


Innate Abilities, Weirdness & Mutations

You regenerate health from kills.


Message History

You are frozen.
An endoplasm is nearby!
You hit the endoplasm.
The endoplasm is heavily wounded.
The endoplasm closely misses you.
An endoplasm is nearby!
You hit the endoplasm.
You kill the endoplasm!
You now have 105 gold pieces (gained 15).
You now have enough gold to buy a +0 pair of boots of flying on this level.
You can access your shopping list by pressing '$'.
You now have 118 gold pieces (gained 13).
Key pressed, stopping explore.
No target in view!
A gnoll bouda and 2 gnolls come into view.
The gnoll bouda is wielding a +0 whip and wearing a +1 robe of positive energy.
Found a dark potion.
Found a stone staircase leading up.
The gnoll bouda shouts!
The gnoll shouts!
You hear a shout!
The gnoll barely misses you.
A gnoll comes into view. It is wielding a +0 flail.
There are monsters nearby!
The gnoll hits you with a +0 halberd.
The gnoll bouda barks out a call to the hunt!
The gnolls pick up the pace!
The gnoll shouts!
There are monsters nearby!
You hit the gnoll.
The gnoll is moderately wounded.
The gnoll hits you with a +0 halberd!
The gnoll bouda gazes fiercely through you!
You feel your attacks grow feeble.
You are too injured to fight recklessly!
There are monsters nearby!
You are too injured to fight recklessly!
You barely miss the gnoll.
The gnoll is moderately wounded.
The gnoll barely misses you. The gnoll attacks as you move away!
The gnoll hits you with a +0 halberd!
The gnoll hits you from afar with a +0 halberd!
You die...

## .!# #.# ##.#
... #.# ###
###.###.###gg.#
.<......@.gg#
##.###.###...#
#.# .## #.# #
#.# #.# #.# #.#
#.#


You could see a gnoll bouda and 3 gnolls.

Vanquished Creatures
  An iguana (D:4)
  5 adders
  A worm (D:3)
  2 dart slugs (D:4)
  2 orcs (D:3)
  8 endoplasms
  A giant cockroach (D:4)
  3 goblins
  3 hobgoblins
  10 kobolds
  2 quokkas
  3 ball pythons
  4 bats
  5 frilled lizards
  5 rats
55 creatures vanquished.

Notes
Turn   | Place    | Note
-------+----------+-------------------------------------------
     0 | D:1      | Zeldest the Demonspawn Hexslinger began the quest for the
                  | Orb.
     0 | D:1      | Reached XP level 1. HP: 15/15 MP: 2/2
   293 | D:1      | Reached skill level 1 in Invocations
   305 | D:1      | Gained mutation: You regenerate a little health from kills.
                  | [demonic ancestry]
   305 | D:1      | Reached XP level 2. HP: 21/21 MP: 3/3
   629 | D:1      | Reached skill level 2 in Invocations
   886 | D:2      | Identified the +0 leather armour "Bopor" {rPois rF++}
   979 | D:2      | Reached XP level 3. HP: 22/27 MP: 4/4
  1193 | D:3      | Reached skill level 3 in Invocations
  1502 | D:3      | Gained mutation: You regenerate health from kills. [demonic
                  | ancestry]
  1502 | D:3      | Reached XP level 4. HP: 22/34 MP: 6/6
  1804 | D:4      | Found Jusiakum's Distillery.
  1808 | D:4      | Reached skill level 4 in Invocations
  1821 | D:4      | Found Qoukh's Armour Emporium.
  1956 | D:4      | Slain by a gnoll

Illustrated notes

Levels and vault maps discovered:
D:1:      evilmike_arrival_fibonacci_small, layout_basic, bh_walls_and_bars
D:2:      minmay_general_purpose_star, layout_basic,
          shapermc_ecumenical_altar_petra, patterned_corridor
D:3:      layout_loops_ring, grunt_decor_clamped
D:4:      layout_loops_ring, serial_shops, shop, shop, shop, shop,
          item_on_display_a

Skill      XL: |  1  2  3  4 |
---------------+-------------+-----
Invocations    | 1 2 3 4 |  4.2
Fighting       | 2 3 |  3.3
Ranged Weapons | |  1.7
Dodging        | |  1.7
Spellcasting   | |  1.0
Hexes          | |  3.0

Action                     |  1- 3 |  4- 6 || total
---------------------------+-------+-------++-------
  Melee: Whip              |    81 |    39 ||   120
         Short sword       |     7 |       ||     7
         Punch             |       |     2 ||     2
   Fire: Sling             |    37 |       ||    37
   Cast: Slow              |     1 |       ||     1
    Use: Potion            |     1 |       ||     1
   Stab: Sleeping          |     2 |     2 ||     4
 Armour: Leather armour    |    11 |     6 ||    17
         Robe              |     2 |       ||     2
  Dodge: Dodged            |    65 |    23 ||    88

Table legend: (Time is in decaauts)
 A = Elapsed time spent in this place.
 B = Non-inter-level travel time spent in this place.
 C = Inter-level travel time spent in this place.
 D = Time resting spent in this place.
 E = Time spent auto-exploring this place.
 F = Levels seen in this place.
 G = Mean time per level.
                   A        B        C        D        E       F      G
               +--------+--------+--------+--------+--------+-----+--------+
         Total |   1977 |   1885 |     92 |    193 |   1287 |   4 |  494.2 |
       Dungeon |   1977 |   1885 |     92 |    193 |   1287 |   4 |  494.2 |
               +--------+--------+--------+--------+--------+-----+--------+

Top non-repeatable levels by time:
     D:1: 879 daAuts
     D:3: 774 daAuts
     D:4: 184 daAuts
     D:2: 139 daAuts
